 Dungeon Crawl Stone Soup version 0.24-a0-539-g6aae15eeb0 (webtiles) character file.

Game seed: 1628325289484704536

54 Execuda the Skirmisher (level 3, -2/63 HPs)
             Began as an Ogre Berserker on Aug 17, 2019.
             Was a Believer of Trog.
             Slain by a leopard gecko (5 damage)
             ... on level 2 of the Dungeon.
             The game lasted 00:01:07 (1043 turns).

Execuda the Skirmisher (Ogre Berserker)             Turns: 1043, Time: 00:01:07

Health: -2/63      AC:  3    Str: 26    XL:     3   Next: 91%
Magic:  3/3        EV: 10    Int:  8    God:    Trog [**....]
Gold:   86         SH:  0    Dex:  9    Spells: 2/2 levels left

rFire    . . .     SeeInvis .   a - +0 mace
rCold    . . .     Gourm    .   (no shield)
rNeg     . . .     Faith    .   b - +0 animal skin
rPois    .         Spirit   .   (helmet restricted)
rElec    .         Reflect  .   (no cloak)
rCorr    .         Harm     .   (gloves unavailable)
MR       .....                  (boots unavailable)
Stlth    ..........             (no amulet)
HPRegen  0.20/turn              (no ring)
MPRegen  0.08/turn              (no ring)

@: berserking, very quick
A: large, unfitting armour, tough skin 1
a: Berserk, Trog's Hand, Renounce Religion


You were on level 2 of the Dungeon.
You worshipped Trog.
Trog was pleased with you.
You were hungry.

You visited 1 branch of the dungeon, and saw 2 of its levels.

You collected 86 gold pieces.

Inventory:

Hand Weapons
 a - a +0 mace (weapon)
Armour
 b - a +0 animal skin (worn)
Scrolls
 e - a scroll of identify {unknown}
 g - 2 scrolls of fear {unknown}
 h - a scroll of remove curse {unknown}
Potions
 d - a potion of ambrosia {unknown}
 f - a potion of curing {unknown}
Comestibles
 c - 5 rations
 i - 3 chunks of flesh


   Skills:
 * Level 5.0 Fighting
 * Level 3.4 Maces & Flails
 + Level 3.0 Dodging


You had 2 spell levels left.
You didn't know any spells.
Your spell library was empty.

Dungeon Overview and Level Annotations

Branches:
Dungeon (2/15)

Altars:


Innate Abilities, Weirdness & Mutations

You are too large for most types of armour.
You have tough skin. (AC +1)


Message History

The jackal pauses to sniff the ground.
The frilled lizard bites you but does no damage.
The jackal closely misses you. The leopard gecko bites you.
* * * LOW HITPOINT WARNING * * *
A red film seems to cover your vision as you go berserk!
You feel yourself moving faster!
You feel mighty!
You are feeling hungry.
The jackal bites you but does no damage.
The frilled lizard bites you.
* * * LOW HITPOINT WARNING * * *
The jackal bites you but does no damage.
The leopard gecko closely misses you.
You hit the jackal.
You kill the jackal!
Trog accepts your kill. The jackal misses you.
The jackal bites you but does no damage.
The frilled lizard bites you but does no damage.
The leopard gecko bites you.
You die...

..........##
##............##
##.$.!..........##
#................##
..................#
..................#
.......#..#.......#
......hh##........#
......l@##.†......#
......l#h(#.......#
..................#
.............!....#
#................##
##..............##
##..........$.##
##..........##
##........##


You could see a leopard gecko, 3 jackals and a frilled lizard.

Vanquished Creatures
  2 oozes (D:1)
  2 dart slugs (D:1)
  2 leopard geckos (D:1)
  A giant cockroach (D:1)
  4 goblins
  3 hobgoblins (D:1)
  5 jackals
  7 kobolds (D:1)
  A quokka (D:2)
  3 bats
  A frilled lizard (D:1)
  3 rats
34 creatures vanquished.

Notes
Turn   | Place    | Note
-------+----------+-------------------------------------------
     0 | D:1      | Execuda the Ogre Berserker began the quest for the Orb.
     0 | D:1      | Reached XP level 1. HP: 24/24 MP: 1/1
    65 | D:1      | Reached XP level 2. HP: 18/33 MP: 2/2
   355 | D:1      | Reached XP level 3. HP: 30/40 MP: 3/3
   914 | D:1      | Reached skill level 5 in Fighting
  1015 | D:2      | Reached ** piety under Trog
  1041 | D:2      | HP: 2/42 [leopard gecko (3)]
  1043 | D:2      | Slain by a leopard gecko

Levels and vault maps discovered:
D:1:      roderic_dead_forest, layout_loops_ring
D:2:      kennysheep_big_flooded_room, layout_basic, marbit_many_paths,
          minmay_pentomino_p4

Skill      XL: |  1  2  3 |
---------------+----------+-----
Maces & Flails | 3 |  3.4
Dodging        | 3 |  3.0
Fighting       | 5 |  5.0

Action                   || total
-------------------------++-------
Melee: Mace              ||   107
Invok: Berserk           ||     2
 Stab: Sleeping          ||     1
  Eat: Chunk             ||     2
Armor: Animal skin       ||    68
Dodge: Dodged            ||   134

Table legend:
 A = Non-vault XP
 B = Vault XP
 C = Vault XP percentage of total XP
 D = Non-vault monster count
 E = Vault monster count
 F = Vault count percentage of total count
                 A         B        C        D         E       F
            +---------+---------+-------+---------+---------+-------
      Total |      76 |       2 |   2.6 |      33 |       1 |   2.9
            +---------+---------+-------+---------+---------+-------
        D:1 |      69 |       0 |   0.0 |      29 |       0 |   0.0
        D:2 |       7 |       2 |  22.2 |       4 |       1 |  20.0
            +---------+---------+-------+---------+---------+-------
